[Event "Berlin Championship 2024"]
[Site "Berlin"]
[Date "2024.04.06"]
[Round "8.8"]
[White "Klenburg, Michael"]
[Black "Noetzel, Felix"]
[Result "1-0"]
[ECO "B31"]
[WhiteElo "2328"]
[BlackElo "2172"]
[Annotator "RC"]
[PlyCount "85"]
[EventDate "2024.03.30"]
[EventType "swiss"]
[EventCountry "GER"]
[SourceTitle "playchess.com"]
[Source "ChessBase"]
[SourceQuality "1"]
[TimeControl "40/5400+30:1800+30"]

1. Nf3 c5 2. e4 Nc6 3. Bb5 g6 4. O-O Bg7 5. c3 e5 6. Re1 Nge7 7. d4 cxd4 8. cxd4 exd4 9. Bf4 O-O 10. Bd6 a6 11. Bd3 b6 12. Nbd2 Bb7 13. a4 Re8 14. Nb3 Nc8 15. Bg3 d6 16. Qd2 N8e7 17. Bf4 Qd7 18. Bf1 Ne5 19. Nfxd4 Rac8 20. Qb4 d5 21. Qxb6 dxe4 22. Na5 Ba8 23. Bxe5 Bxe5 24. Ndb3 Qc7 25. Qxc7 Rxc7 26. Nc4 Bg7 27. Nb6 Bb7 28. Rac1 Rxc1 29. Rxc1 Nd5 30. Bxa6 Nxb6 31. Bxb7 Nxa4 32. Bc6 Rb8 33. Bxa4 Bxb2 34. Rc4 f5 35. g3 Kg7 36. Kg2 g5 37. Nd2 Be5 38. Nf1 Rb6 39. Bd7 Kg6 40. Rc5 Kf6 41. Ne3 Rb2 42. Rxe5 Kxe5 43. Nc4+ 1-0

[Event "Berlin Championship 2024"]
[Site "Berlin"]
[Date "2024.04.07"]
[Round "9.1"]
[White "Lagunow, Raphael"]
[Black "Foerster, Jonas"]
[Result "1-0"]
[ECO "A64"]
[WhiteElo "2421"]
[BlackElo "2238"]
[Annotator "TA"]
[PlyCount "95"]
[EventDate "2024.03.30"]
[EventType "swiss"]
[EventCountry "GER"]
[SourceTitle "playchess.com"]
[Source "ChessBase"]
[SourceQuality "1"]
[TimeControl "40/5400+30:1800+30"]

1. d4 Nf6 2. c4 e6 3. g3 c5 4. d5 exd5 5. cxd5 d6 6. Nc3 g6 7. Bg2 Bg7 8. Nf3 O-O 9. O-O a6 10. a4 Re8 11. Nd2 Nbd7 12. a5 b5 13. axb6 Nxb6 14. Qc2 Bd7 15. h3 Bb5 16. Re1 {[%emt 0:00:00] White has an edge.} h6 17. Ra2 Qc7 18. b3 Rab8 19. Bb2 Nbd7 20. e4 Nh5 21. Kh2 Rec8 (21... Qb6 $142) 22. f4 $16 c4 {[%emt 0:01:24] [#] ...cxb3 would now be deadly.} 23. b4 Qb6 {[%emt 0:00:34] White must now prevent ...Qf2.} 24. Nf3 Re8 25. Bc1 Qc7 26. g4 Nhf6 27. Be3 g5 28. fxg5 (28. Rf1 $18) 28... hxg5 29. Bxg5 (29. Nxg5 $6 Ne5 $11) 29... Nh7 30. Be3 (30. Bf4 $18) 30... Ne5 31. Nd4 {[%emt 0:00:55] White is more active.} Nd3 32. Ncxb5 (32. Rb1 $16) 32... axb5 {[%emt 0:00:57] [#] White stays focused until the end.} (32... Rxb5 $14 33. Rb1 Be5+ 34. Kh1 Bxd4 35. Bxd4 Nxb4 (35... Rxb4 $2 36. Rxa6 Qb7 37. Rba1 $18) 36. Rxb4 Rxb4) 33. Rb1 $1 Be5+ 34. Kg1 Rb7 $2 (34... Bxd4 $16 35. Bxd4 Ra8) 35. Nc6 (35. Nf5 $18) 35... Bg7 (35... f6 $16) 36. g5 (36. Qd2 $18) 36... f5 (36... f6 $16 {was necessary.}) 37. Rf1 fxe4 (37... f4 {is a better chance.}) 38. Qe2 $18 {[%emt 0:00:04] Threatens to win with Qh5.} Qd7 39. Qh5 Rf8 40. Rxf8+ Nxf8 41. Ra8 Qf5 42. Re8 $2 ({White should try} 42. Qh4 $18 Ne5 43. Nd4 (43. Qxe4 Qf7 $18) (43. Bxe4 Nf3+ 44. Bxf3 Qxf3 $16)) 42... Ne5 $2 (42... Nf4 $1 $11 {and Black stays safe.} 43. Bxf4 (43. Bxe4 $2 Qxe4 44. Rxe4 Nxh5 $19) 43... Qxf4) 43. Nd4 Qf7 44. Qxf7+ Kxf7 45. Rc8 c3 $2 (45... Nf3+ {is a better defense.} 46. Bxf3 (46. Nxf3 exf3 47. Bxf3 Ng6 $16) 46... exf3) 46. Nf5 ({Don't take} 46. Bxe4 Neg6 47. Kf2 (47. Rxc3 Re7 $18) 47... Bxd4) ({Not} 46. Rxc3 Nc4 47. Kf2 (47. Bxe4 $2 Nxe3 48. Rd3 Bxd4 $19) 47... Kg8 $16) 46... Rd7 47. Nxg7 Kxg7 48. Bxe4 {[%emt 0:01:24] Weighted Error Value: White=0.36/Black=0.54.  Loses game:     	---       	Black=1      Missed win:     	White=1     	---        Mistake:       	White=5     	Black=7      Inaccurate:     	White=1     	Black=2      OK:         	White=17    	Black=11     Best:        	White=1     	Black=1      Strong:       	White=1     	---} 1-0

[Event "Berlin Championship 2024"]
[Site "Berlin"]
[Date "2024.04.07"]
[Round "9.2"]
[White "Poltorak, Sebastian"]
[Black "Florstedt, Johannes"]
[Result "0-1"]
[ECO "A65"]
[WhiteElo "2392"]
[BlackElo "2348"]
[Annotator "RC"]
[PlyCount "100"]
[EventDate "2024.03.30"]
[EventType "swiss"]
[EventCountry "GER"]
[SourceTitle "playchess.com"]
[Source "ChessBase"]
[SourceQuality "1"]
[TimeControl "40/5400+30:1800+30"]

1. d4 Nf6 2. c4 g6 3. f3 c5 4. d5 Bg7 5. e4 d6 6. Ne2 e6 7. Nbc3 O-O 8. Ng3 exd5 9. cxd5 h5 10. Bg5 Qb6 11. Qb3 Qxb3 12. axb3 Na6 13. Nb5 Nb4 14. Kd2 Rd8 15. Nxa7 Bd7 16. Be2 Re8 17. Rhb1 h4 18. Nf1 Rxe4 19. fxe4 Nxe4+ 20. Kd1 Nxg5 21. Nb5 Rd8 22. Nxd6 Bh3 23. gxh3 Rxd6 24. Ra8+ Kh7 25. Bc4 b5 26. Bxb5 Nxd5 27. Ke1 Nxh3 28. Ra6 Rd8 29. Ra7 Rb8 30. Ba4 Kg8 31. Nd2 Rb6 32. Ra8+ Kh7 33. Re8 f5 34. Nc4 Rf6 35. Rd1 Ndf4 36. Ne5 g5 37. Rd7 g4 38. Ree7 Nh5 39. Kf1 Ng5 40. Rb7 Re6 41. Be8 Rxe7 42. Rxe7 Nf4 43. Bd7 Kh6 44. Bxf5 Bxe5 45. Rxe5 Nf3 46. Rxc5 Nxh2+ 47. Kg1 g3 48. Be4 h3 49. Rf5 Ne2+ 50. Kh1 Ng4 0-1

[Event "Berlin Championship 2024"]
[Site "Berlin"]
[Date "2024.04.07"]
[Round "9.3"]
[White "Polzin, Rainer"]
[Black "Baldauf, Marco"]
[Result "1/2-1/2"]
[ECO "B12"]
[WhiteElo "2401"]
[BlackElo "2481"]
[Annotator "TA"]
[PlyCount "43"]
[EventDate "2024.03.30"]
[EventType "swiss"]
[EventCountry "GER"]
[SourceTitle "playchess.com"]
[Source "ChessBase"]
[SourceQuality "1"]
[TimeControl "40/5400+30:1800+30"]

1. e4 c6 2. d4 d5 3. e5 Bf5 4. Nd2 e6 5. Nb3 a6 6. Nf3 c5 7. dxc5 Bxc5 8. Nxc5 Qa5+ 9. c3 Qxc5 10. Nd4 {[%emt 0:01:36] Be3 would now be deadly.} Ne7 {[%emt 0:00:27] Black is weak on the dark squares} 11. Qa4+ Nbc6 12. Be3 {[%emt 0:01:06] [#] Black must now prevent Nxf5.} Qa5 $1 13. Qxa5 Nxa5 {[%emt 0:00:04] The position is equal.} 14. Nxf5 Nxf5 15. Bb6 Nc4 16. Bxc4 dxc4 17. O-O-O Ne7 18. Rd6 Nf5 19. Rd2 Ne7 $1 20. Rd6 Nf5 21. Rd2 Ne7 $1 22. Rd6 {[%emt 0:02:13] Not much happened in this game.   Weighted Error Value: White=0.04 (flawless) /Black=0.01 (flawless) .  Inaccurate:     	White=1     	---        OK:         	White=8     	Black=7      Best:        	---       	Black=1      Strong:       	---       	Black=3} 1/2-1/2

[Event "Berlin Championship 2024"]
[Site "Berlin"]
[Date "2024.04.07"]
[Round "9.4"]
[White "Eilenberg, Jonas"]
[Black "Thiede, Lars"]
[Result "1/2-1/2"]
[ECO "C41"]
[WhiteElo "2303"]
[BlackElo "2388"]
[Annotator "RC"]
[PlyCount "41"]
[EventDate "2024.03.30"]
[EventType "swiss"]
[EventCountry "GER"]
[SourceTitle "playchess.com"]
[Source "ChessBase"]
[SourceQuality "1"]
[TimeControl "40/5400+30:1800+30"]

1. e4 d6 2. d4 Nf6 3. Nc3 e5 4. Nf3 exd4 5. Nxd4 Be7 6. g3 O-O 7. Bg2 Bg4 8. f3 Bd7 9. O-O Re8 10. b3 Bf8 11. Bb2 c5 12. Nde2 Bc6 13. Nf4 b5 14. Qd2 Nbd7 15. Rad1 Nb6 16. g4 h6 17. h4 b4 18. Nce2 Nh7 19. h5 Qh4 20. c4 a5 21. Nd3 1/2-1/2

[Event "Berlin Championship 2024"]
[Site "Berlin"]
[Date "2024.04.07"]
[Round "9.5"]
[White "Jahnz, Laurin"]
[Black "Schmidek, Emil"]
[Result "0-1"]
[ECO "B11"]
[WhiteElo "2051"]
[BlackElo "2439"]
[Annotator "RC"]
[PlyCount "130"]
[EventDate "2024.03.30"]
[EventType "swiss"]
[EventCountry "GER"]
[SourceTitle "playchess.com"]
[Source "ChessBase"]
[SourceQuality "1"]
[TimeControl "40/5400+30:1800+30"]

1. e4 c6 2. Nc3 d5 3. Nf3 Bg4 4. h3 Bxf3 5. Qxf3 e6 6. d4 dxe4 7. Qxe4 Nf6 8. Qd3 Nbd7 9. Bd2 Bd6 10. O-O-O O-O 11. g4 Qc7 12. Be2 Nd5 13. Nxd5 cxd5 14. Rdf1 Nf6 15. Bf3 Bf4 16. g5 Ne4 17. Bxe4 dxe4 18. Bxf4 Qxf4+ 19. Qd2 Qf5 20. Qe3 Rfd8 21. Kb1 Rd5 22. Re1 Rad8 23. c3 e5 24. Qxe4 exd4 25. Qxf5 Rxf5 26. cxd4 Kf8 27. Rc1 Ke7 28. Rhe1+ Kd6 29. Re5 Rxf2 30. Rcc5 Rd7 31. Rcd5+ Kc7 32. Rf5 Rxf5 33. Rxf5 Rxd4 34. Rxf7+ Rd7 35. Rf4 Kd6 36. g6 hxg6 37. Rg4 Ke5 38. Rxg6 Kf5 39. Rg4 Rc7 40. b3 g5 41. Kb2 Re7 42. Rg3 Re2+ 43. Ka3 a5 44. Ka4 Rxa2+ 45. Kb5 Ra3 46. Rd3 Kg6 47. Kc4 Kh5 48. Rd5 Kh4 49. Re5 Ra1 50. Kb5 Ra3 51. Kc4 a4 52. bxa4 Rxa4+ 53. Kd3 Ra2 54. Rb5 Rg2 55. Ke3 Kxh3 56. Rxb7 Kg3 57. Rb3 Rf2 58. Rb4 Rf8 59. Ke2 g4 60. Re4 Kh3 61. Re5 g3 62. Re7 Kh2 63. Rg7 g2 64. Rh7+ Kg1 65. Re7 Rh8 0-1

[Event "Berlin Championship 2024"]
[Site "Berlin"]
[Date "2024.04.07"]
[Round "9.6"]
[White "Hesse, Henrik"]
[Black "Klenburg, Michael"]
[Result "0-1"]
[ECO "A25"]
[WhiteElo "2312"]
[BlackElo "2328"]
[Annotator "RC"]
[PlyCount "156"]
[EventDate "2024.03.30"]
[EventType "swiss"]
[EventCountry "GER"]
[SourceTitle "playchess.com"]
[Source "ChessBase"]
[SourceQuality "1"]
[TimeControl "40/5400+30:1800+30"]

1. c4 e5 2. g3 d6 3. Bg2 g6 4. Nc3 Bg7 5. e3 Nc6 6. Nge2 Nh6 7. Rb1 Be6 8. Nd5 O-O 9. O-O Qd7 10. b4 Bh3 11. b5 Nd8 12. d4 Bxg2 13. Kxg2 e4 14. f3 c6 15. bxc6 bxc6 16. Ndc3 exf3+ 17. Rxf3 f5 18. e4 Ndf7 19. Qd3 Rfe8 20. Kh1 Re7 21. Bxh6 Nxh6 22. Rbf1 Rae8 23. exf5 Nxf5 24. R1f2 Re3 25. Qd2 Bh6 26. Nf4 Re1+ 27. Rf1 Rxf1+ 28. Rxf1 Ne3 29. Rf3 Nxc4 30. Qd3 d5 31. Na4 Re1+ 32. Kg2 Qe8 33. Nc5 Ne3+ 34. Kf2 Ng4+ 35. Kg2 Bxf4 36. Rxf4 Re3 37. Qf1 Re2+ 38. Kh3 Nxh2 39. Rf8+ Qxf8 40. Qxe2 Nf3 41. Qe3 Qf6 42. Nb3 Kg7 43. Kg2 Ng5 44. Nc5 Ne4 45. Nd3 Qd6 46. Nf4 g5 47. Nd3 Qa3 48. Qe2 h5 49. Qc2 Qc3 50. Qxc3 Nxc3 51. Nb4 a5 52. Nxc6 a4 53. Nb4 Kf6 54. Kf3 Kf5 55. a3 Ke6 56. Nd3 Kd6 57. Ne5 g4+ 58. Kf2 Nb1 59. Nd3 Kc6 60. Nb4+ Kd6 61. Nc2 Ke6 62. Ke3 Nc3 63. Nb4 Kf5 64. Kd3 Ne4 65. Nxd5 Nxg3 66. Ke3 h4 67. Kf2 Ne4+ 68. Kg2 h3+ 69. Kh2 Nd2 70. Kg3 Nf1+ 71. Kf2 h2 72. Kg2 g3 73. Nc3 Ne3+ 74. Kh1 Kf4 75. d5 Kf3 76. Ne4 Kxe4 77. d6 Kf3 78. d7 Ng4 0-1

[Event "Berlin Championship 2024"]
[Site "Berlin"]
[Date "2024.04.07"]
[Round "9.8"]
[White "Yatskar, Martin"]
[Black "Pererva, Viktor"]
[Result "0-1"]
[ECO "D31"]
[WhiteElo "2066"]
[BlackElo "2060"]
[Annotator "NA RC"]
[PlyCount "76"]
[EventDate "2024.03.30"]
[EventType "swiss"]
[EventCountry "GER"]
[SourceTitle "playchess.com"]
[Source "ChessBase"]
[SourceQuality "1"]
[TimeControl "40/5400+30:1800+30"]

1. d4 d5 2. c4 e6 3. Nc3 a6 4. cxd5 exd5 5. Bf4 Nf6 6. e3 c5 7. Nf3 c4 8. Be2 b5 9. a3 Be7 10. O-O O-O 11. Ne5 Bb7 12. Bg5 Nbd7 13. f4 Nb6 14. Bxf6 Bxf6 15. Bf3 Be7 16. g3 f6 17. Ng4 Qd7 18. f5 Rad8 19. Bg2 Rfe8 20. Ne2 Bd6 21. Rf3 a5 22. Nf2 b4 23. Nh3 c3 24. bxc3 bxa3 25. g4 Nc4 26. Qc1 Qe7 27. Kf2 Bc6 28. Nhf4 Rb8 29. Ne6 Rb2 30. Rh3 Reb8 31. e4 dxe4 32. Re3 a2 33. d5 Bxd5 34. Qd1 Nxe3 35. Kxe3 Bxe6 36. fxe6 Rb1 37. Qc2 Rxa1 38. Bxe4 Bc5+ 0-1